 Dungeon Crawl Stone Soup version 0.17.0-28-g6e173f8 (webtiles) character file.

578 M4edhros the Sneak (level 7, 0/43 HPs)
             Began as an Octopode Artificer on Nov 29, 2015.
             Slain by an ogre
             ... wielding a +0 giant club
              (21 damage)
             ... on level 6 of the Dungeon.
             The game lasted 00:04:50 (2030 turns).

M4edhros the Sneak (Octopode Artificer)             Turns: 2030, Time: 00:04:50

Health: 0/43       AC:  1    Str: 11    XL:     7   Next: 35%
Magic:  12/12      EV: 14    Int: 16    God:
Gold:   142        SH:  0    Dex: 12    Spells: 0 memorised, 6 levels left

rFire  . . .     SeeInvis .     a - +0 short sword
rCold  + . .     Clarity  +     (no shield)
rNeg   . . .     SustAt   .     (helmet restricted)
rPois  .         Gourm    .     h - amulet of clarity
rElec  .         Spirit   .     j - ring of protection from cold
rCorr  .         Warding  .     m - +2 ring of evasion
rMut   .         Stasis   .     (no ring)
MR     .....                    (no ring)
Stlth  +++++.....               (no ring)
                                (no ring)
                                (no ring)
                                (no ring)

@: not resistant to hostile enchantments, quite stealthy
A: almost no armour, amphibious, 8 rings, constrict 8, camouflage 1, gelatinous
body 1
a: no special abilities


You were on level 6 of the Dungeon.
You were not hungry.

You visited 1 branch of the dungeon, and saw 6 of its levels.

You collected 142 gold pieces.

Inventory:

Hand Weapons
 a - a +0 short sword (weapon)
Missiles
 k - a throwing net (quivered)
 r - 28 sling bullets
Jewellery
 h - an amulet of clarity (around mantle)
 j - a ring of protection from cold (left tentacle)
 m - a +2 ring of evasion (right tentacle)
Wands
 b - a wand of flame (4)
 c - a wand of enslavement (13)
 d - a wand of random effects (11)
Scrolls
 l - 2 scrolls of teleportation
 o - a scroll of recharging
Potions
 g - a potion of brilliance
 i - a potion of heal wounds
 n - 2 potions of flight
 q - a potion of agility {unknown}
Comestibles
 e - a bread ration


   Skills:
 - Level 1.0 Fighting
 - Level 1.0 Short Blades
 - Level 2.0 Dodging
 + Level 7.7 Stealth
 + Level 6.8 Evocations


You had 6 spell levels left.
You didn't know any spells.

Dungeon Overview and Level Annotations

Branches:
Dungeon (6/15)
 Temple: D:4-7

Altars:
Ashenzari
Nemelex Xobeh
Ru
Sif Muna

Shops:
D:6 *


Innate Abilities, Weirdness & Mutations

You cannot wear most types of armour.
You are amphibious.
You can wear up to eight rings at the same time.
You can use your tentacles to constrict eight enemies at once.
Your skin changes colour to match your surroundings (Stealth).
Your rubbery body absorbs attacks (AC +1).


Message History

Remove which piece of jewellery? (? for menu, Esc to quit)
Okay, then.
Drop what? 17/52 slots (_ for help) (? for menu, Esc to quit)
You remove your ring of loudness.
You drop an uncursed ring of loudness.
There is an open door here.
You now have 142 gold pieces (gained 21).
Found a stone staircase leading up.
There is a stone staircase leading up here.
A giant cockroach comes into view.
A giant cockroach is nearby!
An ogre comes into view. It is wielding a giant club.
The ogre shouts!
The giant cockroach closely misses you.
You hit the giant cockroach but do no damage.
Your grab misses the giant cockroach. You squeeze the giant cockroach.
You kill the giant cockroach!
You hit the ogre but do no damage. Your squeeze misses the ogre.
The ogre hits you with a giant club!!
You die...

..........[##########
###...####.#
##.#.#.###.#
.........#.########
##.#.#.#...........
###.(.##...######## #
##.........# #
#####.#.#<#########.# #
#........@O.....#
########.#.#.###########
.............#
##############


You could see an ogre.

Vanquished Creatures
  Menkaure (D:5)
  An ice beast (D:5)
  An ogre (D:5)
  A scorpion (D:6)
  A crimson imp (D:5)
  An orc priest (D:5)
  A centaur skeleton (D:4)
  A hound skeleton (D:5)
  5 adders
  A shadow imp (D:5)
  An adder zombie (D:5)
  A worm (D:5)
  2 giant geckos
  2 orcs (D:5)
  A hobgoblin (D:3)
  3 jackals (D:5)
  A quokka (D:5)
  4 bats
  A giant cockroach (D:6)
  A giant gecko skeleton (D:4)
  2 giant newts
  3 kobolds
  3 rats
39 creatures vanquished.

Vanquished Creatures (collateral kills)
  A wight (D:4)
1 creature vanquished.

Grand Total: 40 creatures vanquished

Notes
Turn   | Place    | Note
--------------------------------------------------------------
     0 | D:1      | M4edhros the Octopode Artificer began the quest for the Orb.
     0 | D:1      | Reached XP level 1. HP: 13/13 MP: 3/3
   212 | D:2      | Reached XP level 2. HP: 16/18 MP: 4/4
   301 | D:3      | Reached skill level 4 in Evocations
   363 | D:4      | Reached XP level 3. HP: 17/23 MP: 6/6
   659 | D:4      | Found a shattered altar of Ashenzari.
   776 | D:4      | Reached XP level 4. HP: 25/28 MP: 7/7
   864 | D:5      | Entered Level 5 of the Dungeon
  1084 | D:5      | Reached skill level 5 in Evocations
  1084 | D:5      | Reached XP level 5. HP: 33/33 MP: 8/8
  1181 | D:5      | Found a sacrificial altar of Ru.
  1194 | D:5      | Reached skill level 5 in Stealth
  1466 | D:5      | Noticed an ogre
  1468 | D:5      | Killed an ogre
  1468 | D:5      | Reached skill level 6 in Stealth
  1468 | D:5      | Reached XP level 6. HP: 28/38 MP: 10/10
  1509 | D:5      | Found a deep blue altar of Sif Muna.
  1626 | D:5      | Noticed an ice beast
  1660 | D:5      | Found a sparkling altar of Nemelex Xobeh.
  1662 | D:5      | Noticed an ogre
  1692 | D:5      | Killed an ice beast
  1880 | D:5      | Noticed Menkaure
  1882 | D:5      | Killed Menkaure
  1882 | D:5      | Reached skill level 7 in Stealth
  1882 | D:5      | Reached XP level 7. HP: 43/43 MP: 11/11
  1989 | D:6      | Found Sejos's Assorted Antiques.
  2030 | D:6      | Slain by an ogre

Action                   |  1- 3 |  4- 6 |  7- 9 || total
-------------------------+-------+-------+-------++-------
Melee: Short sword       |    39 |    14 |     2 ||    55
       Trident           |       |    48 |    10 ||    58
Evoke: Wand              |       |    16 |     1 ||    17
  Use: Scroll            |       |     7 |     2 ||     9
       Potion            |       |     3 |       ||     3
 Stab: Sleeping          |    10 |     4 |       ||    14
  Eat: Chunk             |       |     1 |       ||     1
       Meat ration       |       |       |     1 ||     1
